 Dungeon Crawl Stone Soup version 0.26-b1-32-g5d43845318 (webtiles) character file.

Game seed: 4894384657177760076

283676 sanka the Wrestler (level 19, -4/164 HPs)
             Began as a Palentonga Wanderer on Jan 9, 2021.
             Was a High Priest of Okawaru.
             Killed from afar by an ice dragon (5 damage)
             ... with a blast of cold
             ... on level 2 of the Depths.
             The game lasted 02:07:50 (58330 turns).

sanka the Wrestler (Palentonga Wanderer)           Turns: 58330, Time: 02:07:50

Health: -4/164     AC: 52    Str: 30    XL:     19   Next: 76%
Magic:  25/35      EV: 11    Int: 17    God:    Okawaru [*****.]
Gold:   1873       SH:  0    Dex: 18    Spells: 29/36 levels left

rFire    + + .     SeeInvis +     - Unarmed
rCold    + . .     Faith    +   (shield currently unavailable)
rNeg     . . .     Spirit   .   S - +9 scales of the Dragon King {rPois rF+ rC+ Will+}
rPois    +         Reflect  .   u - +3 helmet of Voebocia {Int+5 Dex+2}
rElec    .         Harm     .   K - +2 cloak
rCorr    .         Rampage  .   (gloves currently unavailable)
Will     +++..                  Q - +4 barding {rF+}
Stlth    ..........             J - amulet of faith
HPRegen  0.37/turn              Y - +6 ring of strength
MPRegen  0.24/turn              Z - +6 ring of strength

@: blade hands, heroism, very slightly contaminated, curled up
A: large, rugged brown scales 3, see invisible, deformed body, high mp 1,
strong-willed 1, sense surroundings 1, screaming 1, roll 1, armoured tail,
reflexive curl
}: 2/15 runes: decaying, gossamer
a: Rolling Charge, End Transformation, Renounce Religion, Heroism, Finesse


You were on level 2 of the Depths.
You worshipped Okawaru.
Okawaru was extremely pleased with you.
You had blades for hands.
You visited 7 branches of the dungeon, and saw 34 of its levels.
You also visited: Bailey and Ice Cave.

You collected 3895 gold pieces.
You spent 2022 gold pieces at shops.


Innate Abilities, Weirdness & Mutations

You are completely covered in rugged brown scales. (AC +3, +7% HP)
You have supernaturally acute eyesight. (SInv)
Armour fits poorly on your strangely shaped body.
You can roll at nearby foes to attack.
You have a long armoured tail.
You curl defensively after being hit.
You have an increased reservoir of magic. (+10% MP)
You are strong-willed. (Will+)
You passively map a small area around you.
You occasionally shout uncontrollably at your foes.


   Skills:
 - Level 10.0(15.0) Fighting
 - Level 6.1(11.1) Staves
 - Level 10.0(15.0) Armour
 - Level 10.0(15.0) Dodging
 - Level 1.0(6.0) Stealth
 - Level 1.0(6.0) Shields
 - Level 22.0(27) Unarmed Combat
 + Level 9.2 Spellcasting
 - Level 2.0 Necromancy
 + Level 15.7 Transmutations
 - Level 8.0 Invocations
 - Level 1.0 Evocations


You had 29 spell levels left.
You knew the following spells:

 Your Spells              Type           Power        Failure   Level
x - Wereblood             Tmut           57%          11%         2
z - Blade Hands           Tmut           28%          36%         5

Your spell library contained the following spells:

 Spells                   Type           Power        Failure   Level
 Beastly Appendage        Tmut           100%         9%          1
 Sting                    Tmut/Pois      100%         36%         1
 Spider Form              Tmut/Pois      17%          58%         3
 Ignite Poison            Fire/Tmut/Pois 25%          85%         3
 Ice Form                 Ice/Tmut       34%          87%         4
 Petrify                  Tmut/Erth      34%          87%         4
 Animate Skeleton         Necr           28%          89%         1
 Pain                     Necr           56%          89%         1
 Sublimation of Blood     Necr           7%           95%         2
 Apportation              Tloc           14%          98%         1
 Corona                   Hex            7%           98%         1
 Freeze                   Ice            28%          98%         1
 Shock                    Conj/Air       28%          98%         1
 Summon Small Mammal      Summ           28%          98%         1
 Corpse Rot               Necr/Air       N/A          98%         2
 Blink                    Tloc           N/A          99%         2
 Ensorcelled Hibernation  Hex/Ice        14%          99%         2
 Poisonous Vapours        Pois/Air       14%          99%         2
 Slow                     Hex            7%           99%         2
 Swiftness                Air            7%           99%         2
 Vampiric Draining        Necr           7%           99%         3
 Alistair's Intoxication  Tmut/Pois      22%          99%         5
 Yara's Violent Unravell  Hex/Tmut       17%          99%         5
 Confusing Touch          Hex            7%           100%        3
 Dazzling Flash           Conj/Hex       14%          100%        3
 Frozen Ramparts          Ice            14%          100%        3
 Gell's Gravitas          Tloc           3%           100%        3
 Inner Flame              Hex/Fire       7%           100%        3
 Lesser Beckoning         Tloc           3%           100%        3
 Mephitic Cloud           Conj/Pois/Air  7%           100%        3
 Ozocubu's Armour         Ice            7%           100%        3
 Portal Projectile        Hex/Tloc       14%          100%        3
 Static Discharge         Conj/Air       7%           100%        3
 Teleport Other           Tloc           7%           100%        3
 Tukima's Dance           Hex            7%           100%        3
 Airstrike                Air            3%           100%        4
 Animate Dead             Necr           7%           100%        4
 Cause Fear               Hex            3%           100%        4
 Dispel Undead            Necr           14%          100%        4
 Hailstorm                Conj/Ice       7%           100%        4
 Leda's Liquefaction      Hex/Erth       3%           100%        4
 Olgreb's Toxic Radiance  Pois           7%           100%        4
 Passage of Golubria      Tloc           N/A          100%        4
 Summon Ice Beast         Ice/Summ       7%           100%        4
 Agony                    Necr           14%          100%        5
 Bolt of Magma            Conj/Fire/Erth 3%           100%        5
 Borgnjor's Vile Clutch   Necr/Erth      5%           100%        5
 Excruciating Wounds      Necr           7%           100%        5
 Iskenderun's Battlesphe  Conj           7%           100%        5
 Lightning Bolt           Conj/Air       3%           100%        5
 Metabolic Englaciation   Hex/Ice        3%           100%        5
 Silence                  Hex/Air        3%           100%        5
 Death Channel            Necr           7%           100%        6
 Invisibility             Hex            7%           100%        6
 Iron Shot                Conj/Erth      3%           100%        6
 Simulacrum               Ice/Necr       5%           100%        6
 Statue Form              Tmut/Erth      22%          100%        6
 Haunt                    Necr/Summ      5%           100%        7
 Orb of Destruction       Conj           3%           100%        7
 Spellforged Servitor     Conj/Summ      3%           100%        7
 Borgnjor's Revivificati  Necr           7%           100%        8
 Discord                  Hex            3%           100%        8
 Infestation              Necr           7%           100%        8
 Necromutation            Tmut/Necr      19%          100%        8
 Death's Door             Necr           7%           100%        9
 Shatter                  Erth           3%           100%        9

Inventory:

Missiles
 E - 14 curare-tipped darts {=f}
 O - a throwing net {=f}
Armour
 k - a scarf of shadows
 u - the +3 helmet of Voebocia (worn) {Int+5 Dex+2}

   It affects your intelligence (+5).
   It affects your dexterity (+2).
 G - a +2 pair of gloves of dexterity (melded)
 K - a +2 cloak (worn)
 Q - a +4 barding of fire resistance (worn)
 S - the +9 scales of the Dragon King (worn) {rPois rF+ rC+ Will+}

   It protects you from fire.
   It protects you from cold.
   It protects you from poison.
   It affects your willpower, your defense against some magical effects.
Jewellery
 l - an uncursed ring of protection from cold
 s - an uncursed ring of protection from fire
 x - an uncursed ring of flight
 I - a +4 ring of slaying
 J - an amulet of faith (around neck)
 Y - a +6 ring of strength (left scythe-like blade)
 Z - a +6 ring of strength (right scythe-like blade)
Wands
 a - a wand of iceblast (47)
 c - a wand of random effects (13)
 z - a wand of disintegration (60)
 B - a wand of acid (4)
 F - a wand of polymorph (38)
 P - a wand of flame (13)
 R - a wand of paralysis (7)
 T - a wand of enslavement (10)
 X - a wand of digging (6)
Scrolls
 e - 13 scrolls of remove curse
 f - 9 scrolls of fear
 j - 21 scrolls of teleportation {@r4}
 p - 12 scrolls of magic mapping
 A - 2 scrolls of blinking
 H - 14 scrolls of fog
 L - 11 scrolls of identify {@r1}
 U - a scroll of acquirement
 V - a scroll of holy word
 W - 10 scrolls of enchant armour
Potions
 b - 10 potions of curing {@q1}
 d - a potion of mutation {!q}
 g - 4 potions of heal wounds {@q2}
 h - 3 potions of invisibility
 i - 9 potions of flight
 n - 7 potions of brilliance
 o - 3 potions of attraction {!q}
 q - 2 potions of resistance
 r - 8 potions of haste {@q3}
 w - 4 potions of might
 C - 5 potions of magic
 D - 3 potions of ambrosia
 N - 5 potions of lignification {!q}
Miscellaneous
 m - a phantom mirror

Dungeon Overview and Level Annotations

Branches:
Dungeon (15/15)            Temple (1/1) D:5            Lair (6/6) D:8
  Swamp (4/4) Lair:3       Spider (4/4) Lair:4        Slime (0/5) Lair:6
    Orc (2/2) D:9             Elf (0/3) Orc:2        Vaults (0/5) D:13
 Depths (2/5) D:15         Bailey (visited)           IceCv (visited)

Altars:
Ashenzari
Cheibriados
Dithmenos
Elyvilon
Fedhas
Gozag
Hepliaklqana
Kikubaaqudgha
Makhleb
Nemelex Xobeh
Okawaru
Qazlal
Ru
Sif Muna
Trog
Uskayaw
Vehumet
Wu Jian
Xom
Yredelemnul
Zin
The Shining One
Beogh
Jiyva

Shops:
D:10 (   D:13 !   Orc:2 [=[[

Portals:
Hell: Depths:1
Ziggurat: Depths:2

Annotations:
D:12 3 runed translucent doors
D:15 2 transporters, Vochiuc's ghost, adept DEFE

▒▒.▒ ▒.▒▒...........
♣..♣▒▒▒▒▒.▒▒............
, ░
≈♣.....▒▒▒.▒..▒▒...C....
♣≈....P▒ ▒▒....▒......R.
≈≈≈...▒▒ ▒▒............
≈≈≈..P▒ ▒▒........... ,
≈≈..P.▒ ▒▒..........
≈..P▒.▒ ░▒....D......
......▒ ▒.▒.[Hi......
...▒▒▒▒ ░▒▒▒.(.▒▒▒....,
..▒▒ ▒..Q▒ <.. , ......
, ▒▒.▒... ▒.▒▒..▒ ▒ ▒...
.. ▒... ░ .. ░ ,


You could see an ice dragon (catching breath), a stone giant, a tengu reaver, a
rakshasa and a spriggan berserker.


Message History

* * * LOW HITPOINT WARNING * * *
A spriggan berserker comes into view. It is wielding a +0 quarterstaff.
You slice the deep troll!!
The deep troll is moderately wounded.
The deep troll bites you!
* * * LOW HITPOINT WARNING * * *
The deep troll claws you but does no damage.
The deep troll claws you but does no damage.
You shred the deep troll!!!!
You kill the deep troll!
Okawaru accepts your kill.
The stone giant throws a large rock.
The large rock barely misses you.
The ice dragon bites you but does no damage.
The ice dragon claws you but does no damage.
The ice dragon tramples you but does no damage.
Use which ability? (? or * to list)
You gain the combat prowess of a mighty hero.
The tengu reaver points at you and mumbles some strange words.
The bolt of acid hits you!
* * * LOW HITPOINT WARNING * * *
You are splashed with acid!
* * * LOW HITPOINT WARNING * * *
The stone giant throws a large rock.
The large rock hits you!
* * * LOW HITPOINT WARNING * * *
The ice dragon breathes frost at you. The blast of cold hits you. You resist.
You die...

Action                   |  1- 3 |  4- 6 |  7- 9 | 10-12 | 13-15 | 16-18 | 19-21 || total
-------------------------+-------+-------+-------+-------+-------+-------+-------++-------
Melee: Quarterstaff      |    85 |   164 |   207 |       |       |       |       ||   456
       Tailslap          |     6 |    18 |    47 |   128 |   188 |   213 |    86 ||   686
       Unarmed           |       |       |    75 |   802 |  1293 |  1345 |   320 ||  3835
       Punch             |       |       |     5 |    46 |   103 |   144 |    53 ||   351
 Cast: Blade Hands       |       |       |       |    29 |    93 |   108 |     2 ||   232
Invok: Heroism           |       |       |     6 |    27 |    40 |    38 |    14 ||   125
       Finesse           |       |       |       |     2 |     3 |     4 |       ||     9
 Abil: Rolling Charge    |       |     8 |     8 |    22 |    41 |    57 |     9 ||   145
       End Transformatio |       |       |       |       |     1 |     9 |       ||    10
Evoke: Wand              |     2 |       |       |     1 |       |     5 |       ||     8
  Use: Scroll            |       |       |     6 |     8 |    14 |     8 |       ||    36
       Potion            |       |       |     3 |     1 |     2 |     3 |     5 ||    14
 Stab: Sleeping          |     2 |       |     2 |       |       |       |       ||     4
       Distracted        |       |       |     1 |     1 |     1 |     1 |       ||     4
Armor: Robe              |    29 |    41 |    63 |    81 |    12 |       |       ||   226
       Chain mail        |       |     2 |       |       |       |       |       ||     2
       Ring mail         |       |       |       |   159 |   578 |   805 |       ||  1542
       Skin              |       |       |       |       |     1 |       |       ||     1
       Gold dragon scale |       |       |       |       |       |    60 |   182 ||   242
Dodge: Dodged            |    40 |    95 |   154 |   596 |  1254 |  1792 |    81 ||  4012

Levels and vault maps discovered:
D:1:      dpeg_arrival_signposts, layout_loops_ring
D:2:      layout_basic, gammafunk_temple_overflow_pools
D:3:      layout_loops_ring, kennysheep_jessica_study, uniq_robin, uniq_jessica
D:4:      layout_cave_pods
D:5:      layout_basic, minmay_temple_entry_grid, hangedman_feature_mirror,
          hangedman_decor_points, st_stairs_7
D:6:      gammafunk_steamed_eel, layout_cave_pods, general_overflow_altar,
          minmay_misc_feat_alley, uniq_eustachio
D:7:      layout_basic
D:8:      layout_rooms, nicolae_overflow_crystal_walls, david_lair_generic
D:9:      layout_small_grid, david_orc_3, hangedman_abyss_or_decor_stagger,
          uniq_grum
D:10:     layout_roguey, serial_shops, shop, chequers_serial_rivers_room_a,
          minmay_fountain_box, minmay_quadrilaterals, uniq_josephine,
          uniq_nergalle
D:11:     layout_roguey, enter_bailey_7
D:12:     kennysheep_treasure_stockpile, layout_basic, ebering_ghost_xom,
          hangedman_decor_opposing, dk_vineyard_3
D:13:     layout_basic, grunt_vaults_entry_tiered, serial_shops,
          nicolae_shop_waterfront, evilmike_ruin_ashenzari
D:14:     layout_irregular_city, uniq_frances, uniq_kirke
D:15:     grunt_enter_depths_giant_problem, layout_cave_pods,
          roderic_serpentine_path, gammafunk_ghost_mausoleum,
          yredelemnul_altar_generic
Temple:   dpeg_five_rooms_temple
Lair:1:   layout_chaotic_city
Lair:2:   layout_loops_ring
Lair:3:   layout_big_grid, skrybe_swamp_entry_bodies
Lair:4:   layout_cave_shapes, nicolae_spider_entry_non_spiders,
          portal_ice_cave_entry_pillars_1, minmay_lair_oklob_chamber
Lair:5:   layout_loops_ring, zaba_anthell, lemuel_fruit_fields
Lair:6:   gammafunk_lair_ancient_temple, layout_hall_layers, slime_altar_2,
          lemuel_fruit_fields
Swamp:1:  layout_falls_marsh, evilmike_swamp_ruin_house_4, swamp_pool3,
          nicolae_swamp_alligator_family, infiniplex_staircase_pool_2,
          uniq_donald
Swamp:2:  nzn_winding_woodlands_three_and_one
          [nzn_winding_woodlands_5x15_split_checker,
          nzn_winding_woodlands_5x15_crooked, nzn_winding_woodlands_5x15_eye,
          nzn_winding_woodlands_center_diamonds], layout_basic_swamp,
          gammafunk_ghost_berserking_beasts, evilmike_swamp_ruin_house_1,
          swamp_pool1
Swamp:3:  layout_basic_swamp, evilmike_swamp_ruin_rubble_1,
          infiniplex_staircase_pool
Swamp:4:  nzn_swamp_witches_coven, layout_basic_swamp, swamp_pool4,
          roderic_carrion_pond
Spider:1: layout_spider_delve, gammafunk_ghost_grave
Spider:2: layout_spider_delve, hangedman_spider_tarantella_strand
Spider:3: gammafunk_its_a_trap, nicolae_spider_cling_halls
Spider:4: grunt_spider_rune_circles
Orc:1:    layout_caves
Orc:2:    st_orc_mages, layout_caves, basic_altar
Depths:1: layout_cross, pf_coc_iceberg, infiniplex_enter_wizlab_spiral,
          minmay_misc_feat_roman, grunt_decor_junction,
          minmay_mirror_moons_of_madness, serial_bayou_shore_b
Depths:2: minmay_bad_star, layout_cave_shapes, enter_ziggurat_e,
          lightli_too_deep, serial_bayou_pond_a,
          infiniplex_staircase_split_hallway, uniq_enchantress

Notes
Turn   | Place    | Note
-------+----------+-------------------------------------------
     0 | D:1      | sanka the Palentonga Wanderer began the quest for the Orb.
     0 | D:1      | sanka set off with the following items: a +2 quarterstaff,
                  | a potion of curing {@q1}, a wand of random effects (15), a
                  | +0 robe
     0 | D:1      | Reached XP level 1. HP: 20/20 MP: 2/2
   144 | D:1      | Reached XP level 2. HP: 19/27 MP: 3/3
   492 | D:1      | Reached skill level 2 in Staves
   766 | D:1      | Reached XP level 3. HP: 20/33 MP: 4/4
  1334 | D:2      | Found a hazy altar of Hepliaklqana.
  1334 | D:2      | Found an ornate altar of the Wu Jian Council.
  1502 | D:2      | Reached skill level 4 in Fighting
  1723 | D:3      | Reached XP level 4. HP: 42/42 MP: 5/5
  1880 | D:3      | Noticed Robin
  1978 | D:2      | Reached skill level 3 in Staves
  2541 | D:3      | Killed Robin
  2542 | D:3      | Reached XP level 5. HP: 49/50 MP: 6/6
  2878 | D:3      | Noticed Jessica
  2887 | D:3      | Killed Jessica
  3165 | D:4      | Reached skill level 5 in Fighting
  3165 | D:4      | Reached skill level 4 in Staves
  3344 | D:4      | Noticed an ogre
  3350 | D:4      | Killed an ogre
  3351 | D:4      | Reached XP level 6. HP: 50/59 MP: 7/7
  4290 | D:5      | Entered Level 5 of the Dungeon
  4296 | D:5      | Reached skill level 5 in Staves
  4325 | D:5      | Reached skill level 6 in Fighting
  4351 | D:5      | Noticed an ice beast
  4358 | D:5      | Killed an ice beast
  4359 | D:5      | Gained mutation: You curl defensively after being hit.
                  | [Palentonga growth]
  4359 | D:5      | Reached XP level 7. HP: 67/67 MP: 8/8
  4542 | D:5      | Found a staircase to the Ecumenical Temple.
  4551 | Temple   | Entered the Ecumenical Temple
  4743 | Temple   | Became a worshipper of Warmaster Okawaru
  4890 | D:5      | Reached skill level 6 in Staves
  5236 | D:5      | Reached skill level 7 in Fighting
  5236 | D:5      | Reached skill level 1 in Unarmed Combat
  5257 | D:5      | Reached skill level 2 in Unarmed Combat
  5257 | D:5      | Reached XP level 8. HP: 71/78 MP: 9/9
  5514 | D:5      | Found a sparkling altar of Nemelex Xobeh.
  5679 | D:5      | Found a bloodstained altar of Trog.
  5764 | D:5      | Reached skill level 3 in Unarmed Combat
  5769 | D:5      | Reached * piety under Okawaru
  5962 | D:5      | Reached skill level 4 in Unarmed Combat
  5962 | D:5      | Reached skill level 1 in Invocations
  6111 | D:5      | Reached skill level 5 in Unarmed Combat
  6111 | D:5      | Reached skill level 2 in Invocations
  6296 | D:6      | Found a transporter.
  6321 | D:6      | Noticed Eustachio
  6340 | D:6      | Killed Eustachio
  6341 | D:6      | Reached skill level 3 in Invocations
  6511 | D:6      | Found a transporter.
  6529 | D:6      | Got a heavily runed chain mail
  6540 | D:6      | Identified the +3 chain mail of Apavenlu {rElec rPois rN+}
                  | (You found it on level 6 of the Dungeon)
  6698 | D:6      | Reached skill level 6 in Unarmed Combat
  6701 | D:6      | Reached ** piety under Okawaru
  6706 | D:6      | Reached skill level 4 in Invocations
  6706 | D:6      | Reached XP level 9. HP: 25/84 MP: 9/12
  6714 | D:6      | Reached skill level 7 in Unarmed Combat
  7066 | D:6      | Found a sacrificial altar of Ru.
  7144 | D:6      | Reached skill level 8 in Unarmed Combat
  7563 | D:6      | Got a wizard robe
  7574 | D:6      | Identified the +1 robe of Servitude {rPois rF+ MP+9 Str-3
                  | Stlth+} (You found it on level 6 of the Dungeon)
  7674 | D:7      | Learned a level 5 spell: Blade Hands
  8085 | D:7      | Reached skill level 9 in Unarmed Combat
  8809 | D:8      | Noticed an elephant
  8818 | D:8      | Reached skill level 10 in Unarmed Combat
  8818 | D:8      | Reached skill level 1 in Transmutations
  8834 | D:8      | Reached skill level 2 in Spellcasting
  8835 | D:8      | Reached skill level 2 in Transmutations
  8842 | D:8      | Killed an elephant
  8842 | D:8      | Reached *** piety under Okawaru
  8843 | D:8      | Reached XP level 10. HP: 58/92 MP: 7/14
  8855 | D:8      | Reached skill level 3 in Spellcasting
  8855 | D:8      | Reached skill level 3 in Transmutations
  8955 | D:8      | Reached skill level 4 in Transmutations
  9279 | D:8      | Found a staircase to the Lair.
  9326 | D:8      | Found an opulent altar of Gozag.
  9588 | D:9      | Reached skill level 5 in Transmutations
  9675 | D:9      | Noticed Grum
  9915 | D:9      | Killed Grum
  9916 | D:9      | Reached skill level 6 in Transmutations
 10035 | D:9      | Reached **** piety under Okawaru
 10067 | D:9      | Found a staircase to the Orcish Mines.
 10382 | D:9      | Reached skill level 7 in Transmutations
 10981 | D:9      | Reached skill level 8 in Transmutations
 11156 | D:10     | Entered Level 10 of the Dungeon
 11617 | D:10     | Reached skill level 9 in Transmutations
 11696 | D:10     | Noticed Nergalle
 11702 | D:10     | Killed Nergalle
 11702 | D:10     | Reached ***** piety under Okawaru
 11703 | D:10     | Reached XP level 11. HP: 94/98 MP: 7/15
 11906 | D:10     | Noticed Josephine
 11914 | D:10     | Reached skill level 10 in Transmutations
 11920 | D:10     | Killed Josephine
 11921 | D:10     | Reached skill level 1 in Dodging
 12409 | D:10     | Reached skill level 2 in Dodging
 12412 | D:10     | Reached skill level 4 in Spellcasting
 12427 | D:10     | Received a gift from Okawaru
 12646 | D:10     | Got an aquamarine-encrusted ring mail {god gift}
 12657 | D:10     | Identified the +5 ring mail of a volcano {rN+} (Okawaru
                  | gifted it to you on level 10 of the Dungeon)
 12727 | D:10     | Found Osuer's Antique Weapon Boutique.
 12755 | D:10     | Reached skill level 3 in Dodging
 13003 | D:10     | Reached skill level 5 in Spellcasting
 13487 | D:11     | Reached skill level 4 in Dodging
 13518 | D:11     | Found a flagged portal.
 13532 | Bailey   | Entered a bailey
 14213 | D:11     | Reached skill level 5 in Dodging
 14459 | D:11     | Noticed a death knight
 14472 | D:11     | Killed a death knight
 14473 | D:11     | Reached skill level 6 in Dodging
 15043 | Lair:1   | Entered Level 1 of the Lair of Beasts
 15809 | Lair:1   | Noticed a seven-headed hydra
 15954 | D:12     | Noticed a purple ugly thing
 15968 | D:12     | Killed a purple ugly thing
 16025 | D:13     | Noticed a centaur warrior
 16033 | D:13     | Killed a centaur warrior
 16034 | D:13     | Reached skill level 7 in Dodging
 16034 | D:13     | Reached XP level 12. HP: 89/107 MP: 14/19
 16228 | D:13     | Found Callysac's Distillery.
 16237 | D:13     | Noticed a six-headed hydra
 16590 | D:12     | Found a runed translucent door.
 16590 | D:12     | Found a shimmering altar of Xom.
 16590 | D:12     | Noticed no0bjke's ghost (journeyman GrFi)
 16683 | D:12     | Got a pearl-encrusted ring mail
 16694 | D:12     | Identified the +2 ring mail "Quifuzen" {rC+ Str+4} (You
                  | found it on level 12 of the Dungeon)
 16709 | D:12     | Noticed a two-headed ogre
 16713 | D:12     | Killed a two-headed ogre
 16714 | D:12     | Reached skill level 8 in Dodging
 16759 | D:12     | Noticed a frost giant
 16762 | D:12     | Noticed a tengu reaver
 16762 | D:12     | Noticed a tengu reaver
 16763 | D:12     | Noticed a frost giant
 16764 | D:12     | Found a runed translucent gate.
 16764 | D:12     | Found a runed translucent gate.
 16764 | D:12     | Found a runed translucent gate.
 16764 | D:12     | Found a runed translucent gate.
 16765 | D:12     | Found a runed translucent gate.
 16765 | D:12     | Found a runed translucent gate.
 17443 | D:12     | Reached skill level 9 in Dodging
 17749 | D:13     | Noticed a centaur warrior
 17770 | D:13     | Killed a centaur warrior
 18041 | D:13     | Found a broken altar of Ashenzari.
 18091 | D:13     | Noticed a tengu warrior
 18113 | D:13     | Killed a tengu warrior
 18321 | D:13     | Bought a potion of heal wounds for 80 gold pieces
 18411 | D:13     | Received a gift from Okawaru
 18500 | D:13     | Reached skill level 8 in Fighting
 18507 | D:13     | Reached skill level 1 in Armour
 18634 | D:13     | Found a gate to the Vaults.
 18634 | D:13     | Noticed a vault guard
 18634 | D:13     | Noticed a vault guard
 18653 | D:13     | Killed a vault guard
 18658 | D:13     | Killed a vault guard
 18668 | D:13     | Reached skill level 2 in Armour
 18668 | D:13     | Reached XP level 13. HP: 74/115 MP: 14/20
 19542 | Lair:1   | Identified a potion of resistance
 19583 | Lair:2   | Reached skill level 11 in Unarmed Combat
 20250 | Lair:2   | Reached skill level 3 in Armour
 20250 | Lair:2   | Reached skill level 10 in Dodging
 20381 | Lair:2   | Reached ****** piety under Okawaru
 20408 | Lair:2   | Received a gift from Okawaru
 20528 | Lair:2   | Reached skill level 9 in Fighting
 21828 | Lair:2   | Reached skill level 4 in Armour
 23190 | Lair:3   | Found a staircase to the Swamp.
 23325 | Lair:4   | Found a hole to the Spider Nest.
 23705 | Lair:4   | Found a frozen archway.
 23734 | IceCv    | Entered an ice cave
 23815 | IceCv    | Received a gift from Okawaru
 24171 | IceCv    | Reached skill level 11 in Transmutations
 24253 | IceCv    | Reached XP level 14. HP: 122/127 MP: 17/21
 24957 | IceCv    | Noticed a frost giant
 24967 | IceCv    | Killed a frost giant
 24967 | IceCv    | Received a gift from Okawaru
 24982 | IceCv    | Reached skill level 12 in Transmutations
 25081 | IceCv    | Got a slimy barding {god gift}
 25130 | IceCv    | Identified the +2 barding of Amorality {Harm Dex-3 Stlth+}
                  | (Okawaru gifted it to you in an ice cave)
 25987 | Lair:4   | Identified a scarf of resistance (You found it on level 4
                  | of the Lair of Beasts)
 26284 | Lair:5   | Reached skill level 13 in Transmutations
 26843 | Lair:5   | Received a gift from Okawaru
 26850 | Lair:5   | Got a warped helmet {god gift}
 26997 | Lair:5   | Reached skill level 14 in Transmutations
 26997 | Lair:5   | Reached skill level 5 in Armour
 27006 | Lair:5   | Reached skill level 10 in Fighting
 27007 | Lair:5   | Reached skill level 12 in Unarmed Combat
 28225 | Lair:6   | Entered Level 6 of the Lair of Beasts
 28353 | Lair:5   | Identified the +3 helmet of Voebocia {Int+5 Dex+2} (Okawaru
                  | gifted it to you on level 5 of the Lair of Beasts)
 28806 | Lair:5   | Identified a scarf of resistance (You found it on level 5
                  | of the Lair of Beasts)
 29468 | Lair:6   | Reached skill level 6 in Armour
 29471 | Lair:6   | Reached XP level 15. HP: 105/134 MP: 15/22
 29480 | Lair:6   | Reached skill level 13 in Unarmed Combat
 29687 | Lair:6   | Received a gift from Okawaru
 29928 | Lair:6   | Found a runed translucent door.
 29929 | Lair:6   | Found a viscous altar of Jiyva.
 29933 | Lair:6   | Found a staircase to the Slime Pits.
 30962 | Lair:6   | Found the +18 shield of the Gong {rElec rN+ Will+ EV-5}
 31904 | Orc:1    | Entered Level 1 of the Orcish Mines
 31908 | Orc:1    | Identified a +1 robe of the Archmagi
 32235 | D:9      | Reached skill level 7 in Armour
 32242 | D:9      | Reached skill level 14 in Unarmed Combat
 32674 | Orc:2    | Entered Level 2 of the Orcish Mines
 32733 | Orc:2    | Noticed an orc warlord
 32759 | Orc:2    | Killed an orc warlord
 32760 | Orc:2    | Reached skill level 5 in Invocations
 32774 | Orc:2    | HP: 13/134 [orc warrior/+0 halberd[an orc warlord] (13)]
 32890 | Orc:2    | Found a roughly hewn altar of Beogh.
 33489 | Orc:2    | Reached skill level 6 in Invocations
 33828 | Orc:2    | Received a gift from Okawaru
 33860 | Orc:2    | Identified a +2 robe of the Archmagi
 33945 | Orc:2    | Reached skill level 7 in Invocations
 34011 | Orc:2    | Found a staircase to the Elven Halls.
 34187 | Orc:2    | Found Feru's Jewellery Shop.
 34187 | Orc:2    | Found Ciucvato's Antique Armour Shop.
 34188 | Orc:2    | Found Rehecig's Armour Boutique.
 34191 | Orc:2    | Found Yvugheso's Armour Boutique.
 34870 | Orc:2    | Bought an embroidered cloak for 195 gold pieces
 35112 | D:14     | Noticed Kirke
 35132 | D:14     | Killed Kirke
 35193 | D:14     | Noticed Frances
 35213 | D:14     | Killed Frances
 35214 | D:14     | Reached skill level 8 in Invocations
 36176 | D:15     | Entered Level 15 of the Dungeon
 36178 | D:15     | Noticed a fire giant
 36180 | D:15     | Received a gift from Okawaru
 36410 | D:15     | Found a transporter.
 36425 | D:15     | Found a staircase to the Depths.
 36450 | D:15     | Reached skill level 8 in Armour
 36452 | D:15     | Killed a fire giant
 36457 | D:15     | Reached XP level 16. HP: 120/143 MP: 20/23
 36568 | D:15     | Found a basalt altar of Yredelemnul.
 36627 | D:15     | Noticed Vochiuc's ghost (adept DEFE)
 36630 | D:15     | Found a transporter.
 36942 | D:15     | Reached skill level 15 in Unarmed Combat
 37318 | D:15     | Reached skill level 9 in Armour
 38191 | D:12     | Killed no0bjke's ghost
 38198 | D:12     | Got a fine scythe
 38200 | D:12     | Identified the cursed +1 scythe of the Eggplant {vorpal,
                  | rF+} (You found it on level 12 of the Dungeon)
 38294 | D:12     | Received a gift from Okawaru
 38298 | D:12     | Killed a tengu reaver
 38312 | D:12     | Killed a tengu reaver
 38517 | D:12     | Got a shimmering scimitar
 38518 | D:12     | Identified the +10 scimitar of Modesty {pain, Int+7} (You
                  | found it on level 12 of the Dungeon)
 38528 | D:12     | Got a scorched cloak {god gift}
 38539 | D:12     | Identified the -1 cloak of the Bulwark {rCorr Int-5 Dex+2}
                  | (Okawaru gifted it to you on level 12 of the Dungeon)
 38756 | Spider:1 | Entered Level 1 of the Spider Nest
 38762 | Spider:1 | Reached skill level 10 in Armour
 38803 | Spider:1 | Found a runed translucent door.
 38804 | Spider:1 | Noticed Arum's ghost (journeyman DsGl)
 38816 | Spider:1 | Killed Arum's ghost
 39602 | Spider:1 | Reached skill level 16 in Unarmed Combat
 40090 | Spider:1 | Identified a scroll of acquirement
 40996 | Spider:2 | Received a gift from Okawaru
 41509 | Spider:2 | Reached skill level 17 in Unarmed Combat
 41509 | Spider:2 | Reached XP level 17. HP: 148/149 MP: 20/24
 42949 | Spider:3 | Received a gift from Okawaru
 43086 | Spider:3 | Found a transporter.
 43305 | Spider:3 | Reached skill level 18 in Unarmed Combat
 43440 | Spider:3 | Found a transporter.
 43448 | Spider:3 | Got a translucent glass ring
 43450 | Spider:3 | Identified the ring of Unauxz Uwid {Wiz Int+4} (You found
                  | it on level 3 of the Spider Nest)
 43462 | Spider:3 | Got a crude pewter amulet
 43463 | Spider:3 | Identified the amulet "Oruav" {Spirit rPois rN+ Str-2} (You
                  | found it on level 3 of the Spider Nest)
 43776 | Spider:4 | Entered Level 4 of the Spider Nest
 44964 | Spider:4 | Reached skill level 19 in Unarmed Combat
 45496 | Spider:4 | Received a gift from Okawaru
 45888 | Spider:4 | Received a gift from Okawaru
 45898 | Spider:4 | Got a pearl-encrusted plate armour {god gift}
 45909 | Spider:4 | Identified the +0 plate armour "Cymul" {rC+++ Will- SInv}
                  | (Okawaru gifted it to you on level 4 of the Spider Nest)
 46558 | Spider:4 | Got a gossamer rune of Zot
 46709 | Swamp:1  | Entered Level 1 of the Swamp
 46718 | Swamp:1  | Reached XP level 18. HP: 142/157 MP: 18/25
 47019 | Swamp:1  | Noticed a tentacled monstrosity
 47027 | Swamp:1  | Killed a tentacled monstrosity
 47028 | Swamp:1  | Reached skill level 20 in Unarmed Combat
 47226 | Swamp:1  | Noticed Donald
 47235 | Swamp:1  | Killed Donald
 48020 | Swamp:2  | Identified +0 swamp dragon scales
 48594 | Swamp:2  | Found a transporter.
 48655 | Swamp:2  | Noticed xfalz's ghost (journeyman GnSk)
 49014 | Swamp:2  | Found a transporter.
 49186 | Swamp:2  | Received a gift from Okawaru
 49480 | Swamp:2  | Reached skill level 21 in Unarmed Combat
 50163 | Swamp:2  | Killed xfalz's ghost
 50564 | Swamp:2  | Got a fine tin ring
 50774 | Swamp:2  | Got an ichor-stained whip
 50775 | Swamp:2  | Identified the +1 whip "Ugauwamoy" {freeze, rElec rC+} (You
                  | found it on level 2 of the Swamp)
 50778 | Swamp:2  | Identified the ring of Xom's Recklessness {Int+4 Stlth+}
                  | (You found it on level 2 of the Swamp)
 52271 | Swamp:4  | Entered Level 4 of the Swamp
 52680 | Swamp:3  | Identified +0 swamp dragon scales
 53155 | Swamp:4  | Reached skill level 22 in Unarmed Combat
 53402 | Orc:2    | Bought the +9 scales of the Dragon King {rPois rF+ rC+
                  | Will+} for 1747 gold pieces
 53402 | Orc:2    | Found the +9 scales of the Dragon King {rPois rF+ rC+
                  | Will+}
 54161 | Swamp:4  | Identified a +2 robe of resistance
 54177 | Swamp:4  | Received a gift from Okawaru
 54197 | Swamp:4  | Reached XP level 19. HP: 101/164 MP: 21/27
 54398 | Swamp:4  | Reached skill level 6 in Spellcasting
 54500 | Swamp:4  | HP: 7/164 [soul eater/drain life (19)]
 54507 | Swamp:4  | HP: 15/164 [soul eater/drain life (5)]
 55099 | Swamp:4  | Got a decaying rune of Zot
 55222 | Swamp:4  | Reached skill level 7 in Spellcasting
 55461 | Swamp:4  | Gained mutation: Potions are less effective at restoring
                  | your health. [a neqoxec]
 55467 | Swamp:4  | Lost mutation: Potions are less effective at restoring your
                  | health. [potion of mutation]
 55467 | Swamp:4  | Gained mutation: You possess an exceptional clarity of
                  | mind. [potion of mutation]
 55467 | Swamp:4  | Gained mutation: You expend magic power (3 MP) to
                  | strengthen your wands. [potion of mutation]
 55467 | Swamp:4  | Gained mutation: You have a beak for a mouth. [potion of
                  | mutation]
 55468 | Swamp:4  | Lost mutation: You have a beak for a mouth. [potion of
                  | mutation]
 55468 | Swamp:4  | Lost mutation: You expend magic power (3 MP) to strengthen
                  | your wands. [potion of mutation]
 55468 | Swamp:4  | Lost mutation: You possess an exceptional clarity of mind.
                  | [potion of mutation]
 55468 | Swamp:4  | Gained mutation: You are dopey. (Int -2) [potion of
                  | mutation]
 55468 | Swamp:4  | Gained mutation: Your body sometimes deteriorates upon
                  | taking damage. [potion of mutation]
 55468 | Swamp:4  | Gained mutation: You passively map a small area around you.
                  | [potion of mutation]
 55468 | Swamp:4  | Gained mutation: You have an increased reservoir of magic.
                  | (+10% MP) [potion of mutation]
 55469 | Swamp:4  | Lost mutation: Your body sometimes deteriorates upon taking
                  | damage. [potion of mutation]
 55469 | Swamp:4  | Lost mutation: You are dopey. (Int -2) [potion of mutation]
 55469 | Swamp:4  | Gained mutation: You occasionally shout uncontrollably at
                  | your foes. [potion of mutation]
 55469 | Swamp:4  | Gained mutation: You are strong-willed. (Will+) [potion of
                  | mutation]
 55975 | Depths:1 | Entered Level 1 of the Depths
 56430 | Depths:1 | Reached skill level 15 in Transmutations
 56456 | Depths:1 | Found a gateway to Hell.
 56548 | Depths:1 | Found a magical portal.
 56984 | Depths:1 | Learned a level 2 spell: Wereblood
 57027 | Depths:2 | Reached skill level 8 in Spellcasting
 57343 | Depths:1 | Received a gift from Okawaru
 58119 | Depths:2 | Found a gateway to a ziggurat.
 58156 | Depths:2 | Reached skill level 9 in Spellcasting
 58330 | Depths:2 | HP: 16/164 [acid (12)]
 58330 | Depths:2 | HP: 1/164 [stone giant/large rock (15)]
 58330 | Depths:2 | Killed from afar by an ice dragon

Vanquished Creatures
  A lich (Depths:1)
  A tentacled monstrosity (Swamp:1)
  Frances (D:14)
  Kirke (D:14)
  2 tengu reavers (D:12)
  Donald (Swamp:1)
  5 fenstrider witches
  5 frost giants
  The ghost of Arum the Warrior, a journeyman DsGl of Qazlal (Spider:1)
  2 fire giants
  3 ghost moths
  9 emperor scorpions
  An orc warlord (Orc:2)
  The ghost of xfalz the Thaumaturge, a journeyman GnSk of Ashenzari (Swamp:2)
  4 very ugly things (Depths:2)
  6 stone giants
  A vampire knight (Depths:2)
  7 entropy weavers
  2 spark wasps (Spider:3)
  4 bunyips
  10 eleionomae
  An ettin (Depths:1)
  A blizzard demon (Swamp:4)
  Josephine (D:10)
  A green death (Swamp:4)
  A fire dragon (Depths:2)
  3 boulder beetles
  An ice dragon (Depths:1)
  2 vault guards (D:13)
  A great orb of eyes (D:15)
  A spriggan air mage (Depths:2)
  A merfolk avatar (Lair:6)
  26 hydras
  The ghost of no0bjke the Severer, a journeyman GrFi of Okawaru (D:12)
  A death knight (D:11)
  2 ghost crabs
  A queen ant (Lair:5)
  13 alligators
  11 two-headed ogres
  3 centaur warriors
  3 deep troll earth magi
  A dancing weapon (D:12)
  A deep troll shaman (Depths:2)
  5 death yaks
  A tengu warrior (D:13)
  5 ogre magi
  A vampire mage (Depths:1)
  3 spriggan berserkers
  2 soul eaters (Swamp:4)
  An orc high priest (Orc:2)
  Nergalle (D:10)
  8 skeletal warriors
  10 goliath frogs
  2 unseen horrors
  4 spriggan druids
  6 swamp dragons
  An unseen horror (shapeshifter) (D:15)
  7 bog bodies
  2 deep trolls (Depths:2)
  A wizard (Swamp:4)
  An orc knight (Orc:1)
  4 deep elf magi (Swamp:4)
  24 orb spiders
  A lindwurm (Lair:5)
  3 necromancers (D:13)
  6 orc sorcerers
  2 cyclopes
  26 wolf spiders
  3 oklob plants (Lair:4)
  18 ugly things
  7 will-o-the-wisps
  3 moths of wrath
  4 manticores
  8 elephants
  4 orange demons (Swamp:4)
  7 black mambas
  An ice statue (IceCv)
  4 centaur skeletons
  10 cane toads
  6 torpor snails
  5 rime drakes
  13 komodo dragons
  5 yaktaurs
  24 demonic crawlers
  A tengu conjurer (D:13)
  21 polar bears
  8 trolls
  45 jumping spiders
  3 meliai (D:15)
  A bloated husk (Swamp:4)
  3 slime creatures
  32 hornets
  16 blink frogs
  11 tyrant leeches
  6 dream sheep (Lair:6)
  85 redbacks
  A water elemental (Depths:1)
  23 spriggans
  3 shadows (D:15)
  39 tarantellas
  9 wyverns
  67 yaks
  A vampire (D:10)
  5 basilisks
  6 wraiths (D:10)
  Eustachio (D:6)
  Grum (D:9)
  A neqoxec (Swamp:4)
  2 hogs (D:14)
  19 humans (D:13)
  A steam dragon (Lair:4)
  6 vampire mosquitoes
  2 chaos spawn (Swamp:4)
  14 swamp worms
  5 wargs
  19 soldier ants
  2 swamp drakes
  20 water moccasins
  38 orc warriors
  3 ice beasts
  3 phantoms
  2 black bears
  2 sky beasts
  A hornet zombie (D:14)
  17 ogres
  A necrophage (D:9)
  23 wolves
  10 centaurs
  4 boggarts (Depths:2)
  2 big kobolds
  9 bullfrogs
  5 scorpions
  4 killer bees (D:10)
  15 wights
  3 howler monkeys
  2 electric eels (D:6)
  3 bullfrog zombies
  2 centaur zombies
  24 orc priests
  2 bullfrog skeletons
  10 hounds
  4 jellies
  Jessica (D:3)
  7 hell rats (Lair:2)
  5 iguanas
  34 orc wizards
  39 worker ants
  A hound skeleton (D:8)
  3 worker ant zombies
  Robin (D:3)
  7 gnolls
  16 adders
  A shadow imp (D:5)
  3 white imps
  4 ufetubi
  An adder skeleton (D:4)
  5 worms
  2 dart slugs (D:1)
  6 leopard geckos
  90 orcs
  6 giant cockroaches
  19 goblins
  14 hobgoblins
  10 jackals
  32 kobolds
  7 quokkas
  A ball python (D:5)
  4 bats
  8 frilled lizards
  A giant cockroach zombie (D:6)
  2 leopard gecko zombies
  A quokka skeleton (D:8)
  6 rats
1399 creatures vanquished.

Vanquished Creatures (others)
  A sixfirhy (Swamp:4)
  4 bloated husks
  3 humans (D:14)
  A bush (Lair:6)
  49 foxfires
  28 fungi
  55 plants
141 creatures vanquished.

Grand Total: 1540 creatures vanquished

Table legend: (Time is in decaauts)
 A = Elapsed time spent in this place.
 B = Non-inter-level travel time spent in this place.
 C = Inter-level travel time spent in this place.
 D = Time resting spent in this place.
 E = Time spent auto-exploring this place.
 F = Levels seen in this place.
 G = Mean time per level.
                   A        B        C        D        E       F      G
               +--------+--------+--------+--------+--------+-----+--------+
         Total |  57669 |  53363 |   4306 |  23160 |  20841 |  36 | 1601.9 |
       Dungeon |  21984 |  19992 |   1992 |   6663 |   9822 |  15 | 1465.6 |
        Temple |    241 |    192 |     49 |      0 |    189 |   1 |  241.0 |
          Lair |  12765 |  11600 |   1165 |   6170 |   3822 |   6 | 2127.5 |
         Swamp |   8392 |   7789 |    603 |   3694 |   2877 |   4 | 2098.0 |
   Spider Nest |   7283 |   7004 |    279 |   3911 |   1759 |   4 | 1820.8 |
  Orcish Mines |   2663 |   2456 |    207 |    980 |    867 |   2 | 1331.5 |
        Depths |   2110 |   2101 |      9 |    912 |    716 |   2 | 1055.0 |
        Bailey |    562 |    562 |      0 |    199 |    148 |   1 |  562.0 |
      Ice Cave |   1665 |   1665 |      0 |    630 |    639 |   1 | 1665.0 |
               +--------+--------+--------+--------+--------+-----+--------+

Top non-repeatable levels by time:
  Lair:2: 2914 daAuts
    D:10: 2870 daAuts
 Swamp:2: 2594 daAuts
 Swamp:1: 2392 daAuts
  Lair:4: 2384 daAuts
  Lair:6: 2367 daAuts
Spider:1: 2110 daAuts
Spider:3: 2063 daAuts
  Lair:5: 2062 daAuts
   Orc:2: 1989 daAuts
    D:13: 1934 daAuts
    D:12: 1924 daAuts
 Swamp:3: 1872 daAuts
  Lair:1: 1825 daAuts
     D:6: 1737 daAuts
